General information
- name: BNet
- type: Ladder team game (AT/RT)
- host: Battle.net
- saver: Muatra-
map: FullScaleAssault
- players: 8
- length: 53:36
- speed: Fast
- version: 1.26 W3XP
- replay type: Public
» download(294 KB)
Players
team 1 (loser)

»
TomPoo (
green | 57 APM | 1924 actions | 33:46)
5 Mountain King
3 Storm Bolt
2 Bash
4 Archmage
2 Brilliance Aura
2 Blizzard
» actions
| Assign group hotkey | 40 | |
| Basic commands | 49 | |
| Build / train | 106 | |
| ESC pressed | 2 | |
| Enter build submenu | 27 | |
| Enter hero's abilities submenu | 9 | |
| Give item / drop item | 1 | |
| Right click | 1122 | |
| Select / deselect | 395 | |
| Select group hotkey | 98 | |
| Use ability | 75 | |
1924 total
» units
| Peasant | 14 | |
| Footman | 9 | |
| Rifleman | 11 | |
| Mortar Team | 15 | |
| Knight | 7 | |
| Siege Engine | 10 | |
66 total
» upgrades
| Gunpowder | 1 | |
| Long Rifles | 1 | |
| Flare | 1 | |
| Barrage | 1 | |
| Animal War Training | 1 | |
| Lumber Harvesting | 2 | |
| Swords | 1 | |
| Plating | 1 | |
9 total
» buildings
| Altar of Kings | 1 | |
| Farm | 12 | |
| Barracks | 1 | |
| Lumber Mill | 1 | |
| Arcane Vault | 1 | |
| Scout Tower | 2 | |
| Guard Tower | 3 | |
| Blacksmith | 1 | |
| Keep | 2 | |
| Workshop | 2 | |
| Castle | 1 | |
| Town Hall | 2 | |
29 total
» build order
00:06 Altar of Kings
00:10 Farm
00:55 Barracks
01:05 Farm
01:27 Lumber Mill
02:05 Arcane Vault
02:25 Scout Tower
02:47 Farm
03:01 Guard Tower
03:02 Guard Tower
03:32 Blacksmith
04:14 Keep
04:14 Keep
05:07 Farm
06:08 Farm
06:49 Farm
07:34 Scout Tower
07:47 Workshop
07:50 Workshop
08:07 Guard Tower
08:12 Farm
09:47 Castle
10:35 Town Hall
15:34 Farm
15:34 Farm
15:36 Farm
17:27 Town Hall
18:36 Farm
29:29 Farm
» items
| Scroll of Regeneration | 7 | |
| Boots of Speed | 1 | |
| Scroll of Town Portal | 1 | |
9 total
Muatra- (
orange | 59 APM | 3168 actions | 53:35)
10 Death Knight
3 Death Coil
3 Unholy Aura
1 Animate Dead
3 Death Pact
» actions
| Assign group hotkey | 444 | |
| Basic commands | 127 | |
| Build / train | 126 | |
| ESC pressed | 1 | |
| Enter build submenu | 42 | |
| Enter hero's abilities submenu | 10 | |
| Give item / drop item | 7 | |
| Remove unit from queue | 1 | |
| Right click | 1077 | |
| Select / deselect | 616 | |
| Select group hotkey | 567 | |
| Use ability | 150 | |
3168 total
» units
| Acolyte | 14 | |
| Ghoul | 5 | |
| Crypt Fiend | 12 | |
| Obsidian Statue | 14 | |
| Abomination | 3 | |
| Frost Wyrm | 4 | |
52 total
» upgrades
| Creature Attack | 3 | |
| Creature Carapace | 3 | |
| Destroyer Form | 1 | |
| Web | 1 | |
| Backpack | 1 | |
| Ghoul Frenzy | 1 | |
| Unholy Armor | 3 | |
| Burrow | 1 | |
| Unholy Strength | 3 | |
| Disease Cloud | 1 | |
| Cannibalize | 1 | |
| Freezing Breath | 1 | |
| Exhume Corpses | 1 | |
| Banshee Training | 2 | |
| Stone Form | 1 | |
| Necromancer Training | 1 | |
25 total
» buildings
| Altar of Darkness | 2 | |
| Ziggurat | 22 | |
| Graveyard | 1 | |
| Crypt | 1 | |
| Nerubian Tower | 1 | |
| Tomb of Relics | 3 | |
| Spirit Tower | 17 | |
| Halls of the Dead | 2 | |
| Black Citadel | 1 | |
| Slaughterhouse | 1 | |
| Necropolis | 1 | |
| Sacrificial Pit | 1 | |
| Boneyard | 2 | |
| Temple of the Damned | 1 | |
56 total
» build order
00:11 Altar of Darkness
00:14 Ziggurat
00:41 Graveyard
00:59 Crypt
01:16 Nerubian Tower
01:35 Ziggurat
02:08 Tomb of Relics
05:33 Ziggurat
05:35 Spirit Tower
06:06 Ziggurat
06:11 Halls of the Dead
07:30 Spirit Tower
08:20 Spirit Tower
09:28 Ziggurat
09:28 Ziggurat
09:29 Ziggurat
10:09 Black Citadel
10:18 Slaughterhouse
10:29 Spirit Tower
12:37 Ziggurat
12:42 Ziggurat
13:33 Spirit Tower
15:20 Spirit Tower
19:54 Ziggurat
19:55 Ziggurat
20:17 Ziggurat
20:18 Ziggurat
20:19 Ziggurat
20:20 Ziggurat
20:21 Ziggurat
20:58 Spirit Tower
21:20 Spirit Tower
21:20 Spirit Tower
21:22 Spirit Tower
27:29 Necropolis
27:31 Ziggurat
27:32 Ziggurat
28:24 Spirit Tower
28:29 Spirit Tower
29:13 Halls of the Dead
30:58 Sacrificial Pit
31:01 Altar of Darkness
31:48 Tomb of Relics
32:02 Boneyard
38:59 Ziggurat
39:34 Ziggurat
40:39 Spirit Tower
42:34 Boneyard
42:55 Ziggurat
44:45 Spirit Tower
46:00 Tomb of Relics
46:02 Ziggurat
47:44 Spirit Tower
50:18 Temple of the Damned
» items
| Boots of Speed | 1 | |
| Staff of Teleportation | 1 | |
| Orb of Corruption | 2 | |
| Scroll of Healing | 4 | |
| Scroll of Town Portal | 4 | |
| Potion of Healing | 3 | |
| Potion of Mana | 1 | |
16 total
Cellreturns (
pink | 19 APM | 753 actions | 39:47)
1 Archmage
1 Summon Water Elemental
» actions
| Basic commands | 62 | |
| Build / train | 39 | |
| Enter build submenu | 23 | |
| Enter hero's abilities submenu | 1 | |
| Right click | 134 | |
| Select / deselect | 441 | |
| Use ability | 53 | |
753 total
» units
| Peasant | 14 | |
| Goblin Shredder | 4 | |
| Mortar Team | 4 | |
22 total
» upgrades
| Gunpowder | 2 | |
| Masonry | 1 | |
| Plating | 1 | |
4 total
» buildings
| Altar of Kings | 1 | |
| Farm | 7 | |
| Scout Tower | 5 | |
| Lumber Mill | 1 | |
| Arcane Tower | 1 | |
| Town Hall | 2 | |
| Keep | 2 | |
| Blacksmith | 1 | |
| Guard Tower | 2 | |
| Castle | 2 | |
| Workshop | 4 | |
28 total
» build order
00:09 Altar of Kings
00:41 Farm
01:17 Farm
01:54 Scout Tower
02:22 Lumber Mill
02:35 Arcane Tower
04:03 Town Hall
04:14 Keep
04:30 Blacksmith
04:42 Scout Tower
05:29 Scout Tower
05:33 Scout Tower
05:50 Farm
06:05 Guard Tower
06:43 Castle
06:44 Castle
07:13 Workshop
07:18 Workshop
07:39 Farm
08:12 Farm
08:37 Workshop
09:48 Farm
09:52 Workshop
10:12 Farm
13:33 Scout Tower
14:00 Guard Tower
14:05 Town Hall

»
funkonk. (
blue | 29 APM | 948 actions | 32:23)
5 Pit Lord
2 Cleaving Attack
3 Rain of Fire
2 Priestess of the Moon
1 Trueshot Aura
1 Scout
» actions
| Basic commands | 14 | |
| Build / train | 84 | |
| Enter build submenu | 23 | |
| Enter hero's abilities submenu | 9 | |
| Give item / drop item | 1 | |
| Remove unit from queue | 3 | |
| Right click | 349 | |
| Select / deselect | 433 | |
| Use ability | 31 | |
948 total
» units
» upgrades
| Strength of the Moon | 3 | |
| Moon Armor | 3 | |
| Improved Bows | 1 | |
| Ultravision | 1 | |
| Marksmanship | 1 | |
| Upgrade Moon Glaive | 1 | |
| Sentinel | 1 | |
| Vorpal Blades | 1 | |
| Well Spring | 1 | |
| Strength of the Wild | 1 | |
| Reinforced Hides | 1 | |
15 total
» buildings
| Altar of Elders | 2 | |
| Ancient of War | 2 | |
| Moon Well | 7 | |
| Hunter's Hall | 1 | |
| Ancient of Wonders | 1 | |
| Tree of Ages | 1 | |
| Tree of Eternity | 1 | |
| Tree of Life | 2 | |
| Ancient of Lore | 1 | |
| Ancient of Wind | 1 | |
19 total
» build order
00:08 Altar of Elders
00:14 Ancient of War
00:26 Moon Well
02:19 Moon Well
02:58 Moon Well
03:31 Moon Well
04:00 Hunter's Hall
04:52 Ancient of Wonders
06:12 Altar of Elders
08:00 Moon Well
08:02 Tree of Ages
08:18 Ancient of War
09:02 Moon Well
10:16 Moon Well
14:32 Tree of Eternity
18:38 Tree of Life
24:41 Ancient of Lore
24:44 Ancient of Wind
27:57 Tree of Life
» items
team 2 (winner)
bernardolr (
red | 71 APM | 3289 actions | 46:24)
7 Blademaster
3 Critical Strike
3 Wind Walk
1 Bladestorm
6 Shadow Hunter
2 Hex
1 Serpent Ward
2 Healing Wave
1 Big Bad Voodoo
1 Demon Hunter
1 Metamorphosis
» actions
| Assign group hotkey | 35 | |
| Basic commands | 24 | |
| Build / train | 86 | |
| ESC pressed | 7 | |
| Enter build submenu | 49 | |
| Enter hero's abilities submenu | 14 | |
| Give item / drop item | 2 | |
| Remove unit from queue | 2 | |
| Right click | 1090 | |
| Select / deselect | 724 | |
| Select group hotkey | 1068 | |
| Use ability | 187 | |
3289 total
» units
| Peon | 18 | |
| Grunt | 5 | |
| Shaman | 6 | |
| Troll Witch Doctor | 4 | |
| Tauren | 5 | |
| Wind Rider | 2 | |
40 total
» upgrades
| Armor | 3 | |
| Melee Weapons | 3 | |
| Berserker Strength | 1 | |
| Shaman Training | 2 | |
| Spiked Barricades | 3 | |
| Witch Doctor Training | 2 | |
| Pulverize | 1 | |
| Ranged Weapons | 1 | |
16 total
» buildings
| Altar of Storms | 1 | |
| Orc Burrow | 19 | |
| Barracks | 1 | |
| Voodoo Lounge | 3 | |
| Stronghold | 2 | |
| War Mill | 2 | |
| Great Hall | 4 | |
| Watch Tower | 10 | |
| Fortress | 1 | |
| Spirit Lodge | 2 | |
| Tauren Totem | 2 | |
| Beastiary | 2 | |
49 total
» build order
00:26 Altar of Storms
00:40 Orc Burrow
01:14 Barracks
01:54 Orc Burrow
03:06 Voodoo Lounge
03:22 Orc Burrow
03:48 Stronghold
04:01 War Mill
07:22 Great Hall
08:55 Watch Tower
09:28 Orc Burrow
09:31 Watch Tower
09:44 Fortress
09:51 Spirit Lodge
11:05 Spirit Lodge
11:48 Orc Burrow
15:23 Tauren Totem
16:16 Tauren Totem
17:40 Orc Burrow
17:54 Orc Burrow
18:13 War Mill
18:28 Great Hall
20:07 Orc Burrow
20:09 Orc Burrow
20:23 Orc Burrow
22:01 Voodoo Lounge
22:08 Orc Burrow
22:10 Orc Burrow
22:11 Orc Burrow
22:39 Orc Burrow
23:58 Orc Burrow
24:04 Orc Burrow
27:52 Orc Burrow
27:56 Orc Burrow
28:00 Orc Burrow
28:59 Watch Tower
29:06 Great Hall
32:12 Watch Tower
33:06 Watch Tower
33:08 Watch Tower
33:10 Watch Tower
33:16 Great Hall
33:46 Watch Tower
33:52 Watch Tower
34:29 Voodoo Lounge
39:18 Stronghold
40:05 Watch Tower
42:29 Beastiary
42:46 Beastiary
» items
| Healing Salve | 2 | |
| Orb of Lightning | 2 | |
| Scroll of Town Portal | 2 | |
| Potion of Healing | 1 | |
| Potion of Mana | 1 | |
| Tiny Great Hall | 1 | |
9 total
dragon745 (
yellow | 52 APM | 2111 actions | 40:46)
5 Demon Hunter
3 Immolation
2 Mana Burn
» actions
| Basic commands | 186 | |
| Build / train | 74 | |
| Enter build submenu | 40 | |
| Enter hero's abilities submenu | 6 | |
| Give item / drop item | 2 | |
| Remove unit from queue | 8 | |
| Right click | 1324 | |
| Select / deselect | 405 | |
| Use ability | 65 | |
2111 total
» units
| Wisp | 17 | |
| Archer | 10 | |
| Hippogryph | 4 | |
| Faerie Dragon | 2 | |
| Blue Dragon | 2 | |
| Blue Drake | 3 | |
| Blue Dragon Whelp | 1 | |
| Huntress | 14 | |
| Glaive Thrower | 5 | |
58 total
» upgrades
» buildings
| Altar of Elders | 1 | |
| Moon Well | 10 | |
| Ancient of War | 4 | |
| Tree of Ages | 1 | |
| Ancient of Wonders | 1 | |
| Ancient of Wind | 1 | |
| Hunter's Hall | 1 | |
| Ancient Protector | 6 | |
| Tree of Life | 1 | |
26 total
» build order
00:11 Altar of Elders
00:30 Moon Well
00:37 Moon Well
00:55 Ancient of War
02:23 Moon Well
03:13 Moon Well
03:36 Tree of Ages
04:28 Ancient of Wonders
05:43 Ancient of War
07:58 Ancient of Wind
13:28 Hunter's Hall
14:18 Moon Well
22:00 Moon Well
23:07 Moon Well
23:08 Moon Well
23:11 Moon Well
23:14 Moon Well
26:31 Ancient Protector
26:35 Ancient Protector
29:53 Tree of Life
30:58 Ancient Protector
31:12 Ancient of War
32:23 Ancient Protector
32:32 Ancient Protector
32:57 Ancient Protector
33:12 Ancient of War
GutEater (
teal | 35 APM | 1873 actions | 53:35)
10 Death Knight
3 Death Coil
3 Unholy Aura
3 Death Pact
1 Animate Dead
» actions
| Assign group hotkey | 96 | |
| Basic commands | 167 | |
| Build / train | 70 | |
| Enter build submenu | 38 | |
| Enter hero's abilities submenu | 10 | |
| Give item / drop item | 10 | |
| Remove unit from queue | 2 | |
| Right click | 751 | |
| Select / deselect | 358 | |
| Select group hotkey | 177 | |
| Use ability | 194 | |
1873 total
» units
| Acolyte | 15 | |
| Ghoul | 2 | |
| Crypt Fiend | 3 | |
| Goblin Shredder | 1 | |
| Frost Wyrm | 11 | |
| Goblin Zeppelin | 2 | |
34 total
» upgrades
| Web | 1 | |
| Creature Carapace | 3 | |
| Creature Attack | 3 | |
| Freezing Breath | 1 | |
8 total
» buildings
| Ziggurat | 37 | |
| Altar of Darkness | 1 | |
| Crypt | 1 | |
| Graveyard | 3 | |
| Tomb of Relics | 1 | |
| Halls of the Dead | 1 | |
| Black Citadel | 1 | |
| Sacrificial Pit | 1 | |
| Boneyard | 5 | |
| Spirit Tower | 5 | |
56 total
» build order
00:27 Ziggurat
00:57 Altar of Darkness
01:01 Crypt
01:26 Ziggurat
01:44 Graveyard
02:20 Tomb of Relics
03:23 Halls of the Dead
04:35 Ziggurat
08:36 Black Citadel
09:04 Sacrificial Pit
11:56 Boneyard
11:58 Boneyard
12:00 Boneyard
12:01 Boneyard
14:09 Ziggurat
14:14 Graveyard
14:30 Boneyard
18:23 Ziggurat
18:24 Ziggurat
18:25 Ziggurat
18:27 Ziggurat
18:30 Ziggurat
18:33 Ziggurat
19:56 Spirit Tower
20:02 Ziggurat
20:04 Ziggurat
20:04 Ziggurat
20:06 Ziggurat
20:07 Ziggurat
20:08 Ziggurat
20:09 Ziggurat
20:10 Ziggurat
20:17 Ziggurat
20:18 Ziggurat
20:18 Ziggurat
20:19 Ziggurat
20:21 Ziggurat
20:24 Ziggurat
20:25 Ziggurat
20:26 Ziggurat
20:27 Ziggurat
21:31 Ziggurat
21:33 Ziggurat
21:34 Ziggurat
21:36 Ziggurat
21:38 Ziggurat
21:39 Ziggurat
21:40 Ziggurat
22:10 Graveyard
22:56 Spirit Tower
22:58 Spirit Tower
23:00 Ziggurat
23:01 Ziggurat
23:02 Ziggurat
23:10 Spirit Tower
25:44 Spirit Tower
» items
| Rod of Necromancy | 2 | |
| Orb of Corruption | 1 | |
| Scroll of Town Portal | 3 | |
| Staff of Teleportation | 1 | |
| Periapt of Vitality | 1 | |
8 total

»
Gen.Maximus (
purple | 22 APM | 1092 actions | 50:43)
7 Warden
3 Fan of Knives
1 Shadow Strike
2 Blink
1 Spirit of Vengeance
» actions
| Build / train | 89 | |
| ESC pressed | 1 | |
| Enter build submenu | 35 | |
| Enter hero's abilities submenu | 7 | |
| Give item / drop item | 4 | |
| Right click | 403 | |
| Select / deselect | 491 | |
| Use ability | 62 | |
1092 total
» units
| Wisp | 20 | |
| Archer | 10 | |
| Huntress | 18 | |
| Chimaera | 14 | |
| Hippogryph | 3 | |
65 total
» upgrades
| Moon Armor | 2 | |
| Strength of the Moon | 2 | |
| Improved Bows | 1 | |
| Reinforced Hides | 2 | |
| Strength of the Wild | 2 | |
| Corrosive Breath | 1 | |
| Well Spring | 1 | |
| Ultravision | 1 | |
12 total
» buildings
| Altar of Elders | 2 | |
| Moon Well | 9 | |
| Ancient of War | 2 | |
| Ancient of Wonders | 2 | |
| Hunter's Hall | 1 | |
| Ancient Protector | 7 | |
| Tree of Life | 1 | |
| Tree of Ages | 1 | |
| Tree of Eternity | 1 | |
| Ancient of Wind | 1 | |
| Chimaera Roost | 2 | |
29 total
» build order
00:08 Altar of Elders
00:12 Moon Well
00:18 Ancient of War
02:26 Moon Well
03:38 Moon Well
04:09 Ancient of Wonders
04:18 Hunter's Hall
05:33 Moon Well
05:45 Ancient of War
06:01 Moon Well
06:37 Ancient Protector
09:09 Tree of Life
10:57 Tree of Ages
11:05 Ancient Protector
15:08 Ancient Protector
20:39 Tree of Eternity
27:09 Moon Well
27:45 Moon Well
27:49 Moon Well
28:03 Ancient of Wind
28:31 Ancient Protector
28:46 Ancient Protector
29:24 Chimaera Roost
29:30 Chimaera Roost
29:36 Moon Well
29:43 Ancient Protector
29:53 Ancient Protector
30:47 Ancient of Wonders
49:17 Altar of Elders
» items
| Boots of Speed | 1 | |
| Scroll of Town Portal | 1 | |
2 total
Chat log
(00:14 / All) GutEater: Hello my lovelies
(00:33 / All) funkonk.: please dont eat my gut! :(
(00:48 / Allies) Muatra-: Plan my negros?
(00:56 / Allies) funkonk.: hmm
(01:03 / Allies) funkonk.: i was gonna spam archer for start
(01:28 / Allies) Muatra-: K, do that
(01:31 / Allies) Muatra-: Archers are good
(01:52 / Allies) funkonk.: r we gonna rush?
(02:01 / All) GutEater: NO FUNNY BUSINESS, MIND
(02:31 / All) Muatra-: Goddamn nigger internet
(02:34 / All) Muatra-: Worst part is the 60 second wait for them to d/c
(02:46 / All) funkonk.: yep
(03:10 / Allies) Muatra-: Attack pink
(04:01 / Allies) Muatra-: I'll take this
(04:13 / Allies) Muatra-: It's mine pink
(04:31 / Allies) funkonk.: lol
(04:37 / All) Muatra-: Stop the porn
(04:45 / All) dragon745: wow i like porn
(04:47 / All) dragon745: OK!
(04:50 / All) Muatra-: Pink is tking
(05:04 / Allies) funkonk.: just leave him
(05:08 / Allies) funkonk.: ye wants gold mine
(05:12 / Allies) funkonk.: let him have it
(05:17 / All) funkonk.: noob team is killing each other
(05:23 / All) Muatra-: Pink stole my expo and attacked it
(05:37 / Allies) funkonk.: u asked him to help
(05:40 / Allies) Muatra-: No
(05:44 / All) Muatra-: I told him to attack the creeps
(05:51 / All) Muatra-: I am 0-0 you clown
(05:58 / All) Muatra-: I do not care if it "affects ur stats"
(06:19 / Allies) funkonk.: wow
(06:21 / Allies) funkonk.: orange
(06:26 / Allies) Muatra-: He tkd me
(06:29 / Allies) funkonk.: your the one making the problem
(06:39 / Allies) Muatra-: If he didn't attack my mine, there would be no problem
(06:48 / All) funkonk.: !votekick muatra-
(06:51 / All) Muatra-: LOL
(07:00 / All) Muatra-: custom kick hack doesn't work in ladder you clown
(07:18 / All) Muatra-: Blue, you are 18-32
(07:21 / All) funkonk.: i will still try
(07:24 / All) funkonk.: i know
(07:28 / All) Muatra-: You are awful
(07:44 / All) funkonk.: atleast i dont tk
(07:49 / All) Muatra-: Kill yourself irl pls
(09:40 / All) funkonk.: its sad because half u guys are pot smoking hobos. . .
(09:51 / All) Muatra-: kk, custom kick hacker
(10:49 / Allies) funkonk.: green
(10:52 / Allies) funkonk.: lets hit them together?
(13:19 / Allies) TomPoo: tp4
(14:09 / All) funkonk.: ffs
(14:14 / All) Muatra-: Be quiet blue, you are awful
(14:20 / All) funkonk.: i know
(14:23 / All) funkonk.: but atleast i dont tkj
(14:24 / All) funkonk.: tk
(14:30 / All) Muatra-: Oj stabbed first
(14:48 / All) funkonk.: kinda stole his gold mine?
(14:55 / All) Muatra-: no, he took mine
(15:19 / All) funkonk.: of course he did
(15:22 / All) funkonk.: just play
(15:24 / All) Muatra-: Check replay sir
(15:25 / All) funkonk.: there are plenty gold mine
(15:29 / All) Muatra-: I was just waiting for wood
(15:43 / All) funkonk.: i dont care. . . just play. . .
(15:49 / All) Muatra-: I am, I can talk too
(15:52 / All) Muatra-: Doesn't take too much APM
(16:16 / Allies) funkonk.: oj
(16:19 / Allies) Muatra-: ?
(16:19 / Allies) funkonk.: swap gold for lumber?
(16:27 / Allies) Muatra-: No ty
(16:28 / Allies) Muatra-: I am fine
(16:34 / Allies) funkonk.: ok
(17:37 / Allies) Muatra-: Ask pink for wood if you need it, he has 1.2k
(17:43 / Allies) funkonk.: i need gold
(17:45 / Allies) funkonk.: not wood
(17:46 / Allies) funkonk.: :P
(20:11 / All) Muatra-: Was that worth 1 expo?
(20:51 / All) GutEater: This is PERSONAL
(21:08 / Allies) Muatra-: Pink has 900 gold and 2k lumber
(22:01 / Allies) funkonk.: heavy hit to red
(22:56 / Allies) funkonk.: why the fk did i build 2 altar of elders..?
(23:04 / All) Muatra-: Blue just noticed that he made 2 altars
(23:09 / All) Muatra-: No wonder his w/l is pisspoor
(23:24 / All) funkonk.: i aint poor
(23:36 / All) Muatra-: You can be rich but still shitty at WC3
(23:37 / All) funkonk.: more resources then u in both gold and lumber
(23:47 / All) Muatra-: That means I'm better because I spend my money
(23:51 / All) funkonk.: kee[ crying?
(23:58 / All) Muatra-: I'm not crying at all.
(24:11 / All) funkonk.: its only a game
(24:16 / All) Muatra-: A game that you're bad at
(24:20 / All) funkonk.: who care if ur better
(25:22 / All) Muatra-: Stupid Nigerian
(25:38 / All) funkonk.: would be fine if oj didnt completely destroy pink
(25:46 / All) Muatra-: lol
(25:56 / All) Muatra-: Stop killing my shit blue
(25:58 / All) Muatra-: If you want to win
(26:01 / All) funkonk.: now oj is destroying me?
(26:17 / All) funkonk.: great team player.
(26:18 / All) Muatra-: I just killed 3 archers shooting at my shit
(26:34 / All) funkonk.: i didnt touch ur sht
(26:43 / All) funkonk.: besides, just use moonwells
(27:08 / All) Muatra-: It's a retard magnet
(27:29 / All) funkonk.: last time i checked, the people who knew what to do helped the noobs?
(27:41 / All) Muatra-: No, they backstab them
(27:47 / All) Muatra-: I'm not BSing anymore though
(27:54 / All) Muatra-: Their team is strong
(33:59 / All) Muatra-: You noobs lost, out
(36:10 / All) Muatra-: You lost, out
(36:18 / Allies) Cellreturns: LOL u ass
(36:23 / All) Muatra-: Not you pink
(36:24 / All) Muatra-: Their team
(36:26 / Allies) Cellreturns: U SUCK
(36:30 / Allies) Cellreturns: U LOST
(36:35 / Allies) Cellreturns: U ASS
(36:36 / All) Muatra-: No, I win
(36:38 / Allies) Cellreturns: LOL
(36:41 / All) Muatra-: Pink you are 794-1000 w/l
(36:42 / All) Muatra-: Shut up
(36:42 / Allies) Cellreturns: U IDIOT
(36:46 / All) Cellreturns: LOL
(36:49 / Allies) Cellreturns: WHAT A ASS
(37:15 / All) Muatra-: See pink? We win
(37:15 / Allies) Cellreturns: LOL WHAT A ASS
(37:19 / All) Cellreturns: LOL
(37:30 / All) Cellreturns: LOVE WATCHING IDIOTS LOSE
(37:44 / Allies) Cellreturns: DUMBASS
(37:51 / All) dragon745: lol
(38:05 / All) Cellreturns: IDIOT BACKSTABBED
(38:10 / All) Muatra-: Yes I did
(38:11 / All) Muatra-: I raped you
(38:15 / All) Cellreturns: HE HAS MINES
(38:26 / All) Muatra-: k
(38:27 / All) Cellreturns: 2 now
(38:31 / All) Muatra-: 0 mining
(39:06 / All) GutEater: Compose yourself, you whiny pansy
(39:12 / All) Cellreturns: lol what a idiot orange is
(39:20 / All) Muatra-: I raped this game 2v6
(39:21 / All) GutEater: You shriek like a hysterical girl in the process of fawning after a boy band
(41:02 / All) Muatra-: Red and purple are still in-game, they must badly want the win and be angry that they lost
(41:35 / All) Muatra-: You don't got this
(41:41 / All) Muatra-: bye-bye income
(41:49 / All) Muatra-: Get the fuck out, red
(41:52 / All) Muatra-: the
(41:53 / All) Muatra-: fuck
(41:54 / All) Muatra-: out
(42:27 / All) GutEater: we is my team killin me
(42:29 / All) GutEater: u can do that?
(42:35 / All) GutEater: wtf gut eater?
(42:37 / All) Muatra-: ok brudda
(42:57 / All) GutEater: I like my Warcraft matches like I like my Dostoevsky novels
(43:01 / All) Gen.Maximus: fuck my own teammate demolished me
(43:11 / All) Muatra-: Easy, purple. You sucked AND blew
(43:15 / All) GutEater: Overly long, full of flowery language, with deep penetrating psychological insights into
(43:19 / All) GutEater: the minds of silly people
(43:22 / All) Muatra-: Purple, you are 15-24 w/l
(43:28 / All) Muatra-: Get the fuck out shiteating faggot
(43:39 / All) Muatra-: You got raped E motherfucking Z
(43:43 / All) Muatra-: Out and castrate yourself
(43:49 / All) Muatra-: People like you should not pollute the gene pool
(44:08 / All) Gen.Maximus: your a tough guy
(44:14 / All) Muatra-: Yes I am
(44:28 / All) Muatra-: You mad son?
(44:32 / All) Muatra-: How mad you are bro?
(44:34 / All) Gen.Maximus: believe it when i see it
(44:41 / All) Muatra-: How mad you are bro?
(45:09 / All) Muatra-: Ruh-roh, what ever shall I do with my 8 billion gold now?
(46:33 / All) Muatra-: Now only you need to get the fuck out purple
(46:34 / All) GutEater: That IS the point
(46:36 / All) Muatra-: And kill yourself ASAP
(46:38 / All) GutEater: THERE IS NO POINT!
(47:19 / All) Muatra-: Purple, please leave. Your family name was embarassed
(47:29 / All) Muatra-: The replay will be posted at highper.ch and we will all laugh at you
(47:44 / All) Gen.Maximus: your mom should be embarassed for ever giving birth too such a tard
(47:48 / All) Muatra-: k
(48:02 / All) Muatra-: At least my birth certificate wasn't an apology from the abortion clinic, purple
(49:27 / All) Muatra-: You are embarassing yourself even more by staying in-game purple
(50:46 / All) Muatra-: Good
(50:50 / All) Muatra-: Now the victor is in our hands
(50:53 / All) Muatra-: Fun match
(50:53 / All) GutEater: Which team shall lose?
(50:59 / All) Muatra-: Yours was better I think
(51:07 / All) Muatra-: Mine has no chance of better w/l
(51:10 / All) Muatra-: I vote that yours wins
(51:29 / All) GutEater: I think yours has the better records
(51:42 / All) Muatra-: TomPoo, green, is 572-626 w/l
(51:48 / All) GutEater: Red had the best record on my team, I think yellow was 0-0
(51:51 / All) Muatra-: Cellreturns, pink, is 794-1001
(52:03 / All) GutEater: Yeah they deserve more losses
(52:04 / All) Muatra-: funkonk., blue, is 18-32
(52:14 / All) Muatra-: My team was awful
(52:19 / All) Muatra-: Worst records I've seen in a while
(52:22 / All) GutEater: Red's 143-157
(52:43 / All) Muatra-: Awful records this game for everyone
(52:51 / All) GutEater: Which side wins, you decide
(53:01 / All) Muatra-: I say yours since pink was a massive faggot
(53:25 / All) GutEater: then you know what you must do
(53:34 / All) Muatra-: Yes